 Dungeon Crawl Stone Soup version 0.29.1-1-gd02db6906a (webtiles) character file.

Game seed: 4133180327572081331

49 raph the Ruffian (level 3, -1/28 (29) HPs)
             Began as a Draconian Transmuter on Oct 9, 2022.
             Slain by Crazy Yiuf
             ... wielding a +3 quarterstaff of chaos
              (3 damage)
             ... on level 2 of the Dungeon.
             The game lasted 00:02:20 (1588 turns).

raph the Ruffian (Draconian Transmuter)             Turns: 1588, Time: 00:02:21

HP:   -1/28 (29)    AC:  5    Str: 12    XL:     3   Next: 51%
MP:   5/6           EV: 12    Int: 15    God:
Gold: 73            SH:  0    Dex: 11    Spells: 0/6 levels left

rFire   . . .      SeeInvis .     - Unarmed
rCold   . . .      Faith    .   (no shield)
rNeg    . . .      Spirit   .   (body armour unavailable)
rPois   .          Reflect  .   (helmet currently unavailable)
rElec   .          Harm     .   (no cloak)
rCorr   .          Rampage  .   (no gloves)
Will    .....                   (boots currently unavailable)
Stlth   +.........              c - amulet of regeneration
HPRegen 0.89/turn               (no ring)
MPRegen 0.10/turn               (no ring)

@: lethally poisoned (-1 -> -8), appendages, lightly drained
A: horns 2, talons 2, AC +5, unfitting armour, cold-blooded
a: End Transformation


You were on level 2 of the Dungeon.
You had temporarily grown beastly horns and talons.
You visited 1 branch of the dungeon, and saw 2 of its levels.

You collected 73 gold pieces.

Inventory:

Missiles
 f - 5 poisoned darts
Jewellery
 c - an amulet of regeneration (around neck)
 i - an amulet of the acrobat
Potions
 a - a potion of lignification
 b - a potion of mutation {unknown}
 e - a potion of curing {unknown}
 g - a potion of flight {unknown}
 h - a potion of resistance {unknown}


   Skills:
 + Level 1.7 Fighting
 + Level 2.1 Dodging
 + Level 3.3 Unarmed Combat
 + Level 2.3 Spellcasting
 * Level 2.8 Transmutations


You couldn't memorise any spells.
You knew the following spells:

 Your Spells              Type           Power      Damage    Failure   Level
a - Beastly Appendage     Tmut           20%        N/A       7%          1
b - Wereblood             Tmut           10%        N/A       10%         2
c - Spider Form           Tmut/Pois      6%         N/A       34%         3

Your spell library contained the following spells:

 Spells                   Type           Power      Damage    Failure   Level
 Ice Form                 Ice/Tmut       6%         N/A       75%         4


Dungeon Overview and Level Annotations

Branches:
Dungeon (2/15)

Altars:

Shops:
D:1 [

Annotations:
D:2 Crazy Yiuf


Innate Abilities, Weirdness & Mutations

You have temporarily grown beastly horns and talons.
Your plain brown scales are hard. (AC +5)
You cannot fit into any form of body armour.
You are cold-blooded and may be slowed by cold attacks.


Message History

As you read the scroll labelled PULELEIKAE, it crumbles to dust.
It is a scroll of enchant weapon.
You aren't carrying any weapons that can be enchanted.
Found a hammer.
Found a hammer.
Found a hammer.
Found a hammer.
You see here a +0 hammer.
You see here a +0 hammer.
You see here a +0 hammer.
Found five hammers.
Found a runed translucent door.
Crazy Yiuf shouts!
You see here a +0 hammer.
Found a hammer.
You see here a +0 hammer.
Casting: Beastly Appendage (safe; 7% risk of failure)
Confirm with . or Enter, or press ? or * to list all spells.
You grow a pair of large bovine horns.
Your feet morph into talons.
You open the door. You hit Crazy Yiuf. You claw Crazy Yiuf.
You headbutt Crazy Yiuf, but do no damage.
Crazy Yiuf is moderately wounded.
Crazy Yiuf closely misses you.
You hit Crazy Yiuf. You tail-slap Crazy Yiuf.
Crazy Yiuf is heavily wounded.
Crazy Yiuf says, "Crazy?
Crazy!?
PORCUPINE!"
Crazy Yiuf hits you with a +3 quarterstaff of chaos!
You are poisoned.
You closely miss Crazy Yiuf. You claw Crazy Yiuf.
Crazy Yiuf is severely wounded.
You feel very sick. Crazy Yiuf closely misses you.
You closely miss Crazy Yiuf. You headbutt Crazy Yiuf.
Crazy Yiuf is almost dead.
* * * LOW HITPOINT WARNING * * *
You feel very sick.
Crazy Yiuf hits you with a +3 quarterstaff of chaos.
* * * LOW HITPOINT WARNING * * *
You feel drained.
You die...

### ###♣♣♣♣♣ ..#
##.#))♣.♣♣♣ ### ..#
###.).PP)♣).♣#..)# ###
..###.....PP♣♣♣♣@g)..#
#.# #.....#..#.♣♣
♣♣#.))# #.#
####.#####♣♣ ### #.# #
...# #.# #.#### #.# #
#.# #.# #.# ##########
#.#


You could see Crazy Yiuf.

Vanquished Creatures
  A gnoll (D:1)
  An adder (D:2)
  A dart slug (D:1)
  4 endoplasms (D:1)
  3 goblins
  3 hobgoblins (D:1)
  2 quokkas (D:1)
  3 ball pythons
  A bat (D:1)
  A frilled lizard (D:1)
  4 kobolds
  2 rats (D:1)
26 creatures vanquished.

Notes
Turn   | Place    | Note
-------+----------+-------------------------------------------
     0 | D:1      | raph the Draconian Transmuter began the quest for the Orb.
     0 | D:1      | Reached XP level 1. HP: 16/16 MP: 3/3
   136 | D:1      | Found a faded altar of an unknown god.
   254 | D:1      | Reached XP level 2. HP: 13/23 MP: 3/5
   362 | D:1      | Learned a level 2 spell: Wereblood
   823 | D:1      | Found Farhimul's Antique Armour Shop.
  1034 | D:1      | Reached XP level 3. HP: 28/28 MP: 4/6
  1038 | D:1      | Learned a level 3 spell: Spider Form
  1579 | D:2      | Found a runed translucent door.
  1580 | D:2      | Noticed Crazy Yiuf
  1588 | D:2      | Slain by Crazy Yiuf

Illustrated notes

Levels and vault maps discovered:
D:1:      ncdulo_smallfort, layout_basic, shapermc_ecumenical_altar_ellora,
          serial_shops, nicolae_shop_hallway_stairs, minmay_misc_feat_room,
          minmay_misc_feat_rows, minivault_11, hex_tiny, serial_bayou_lagoon_a
D:2:      layout_loops_ring, hex_large, uniq_natasha, uniq_crazy_yiuf_cottage,
          uniq_jessica

Skill      XL: |  1  2 |
---------------+-------+-----
Dodging        | 2 |  2.1
Fighting       | |  1.7
Unarmed Combat | |  3.3
Spellcasting   | |  2.3
Transmutations | |  2.8

Action                   || total
-------------------------++-------
Melee: Unarmed           ||    56
       Kick              ||    13
       Tailslap          ||     4
       Headbutt          ||     7
 Cast: Beastly Appendage ||    22
  Use: Scroll            ||     3
Armor: Skin              ||    17
Dodge: Dodged            ||    36
